 Dungeon Crawl Stone Soup version 0.24.0-28-g17ded55e90 (webtiles) character file.

Game seed: 13877111281554439877, levelgen mode: deterministic

5466 DavidChitty2 the Arsonist (level 10, -11/86 HPs)
             Began as a Green Draconian Fire Elementalist on Nov 11, 2019.
             Was a Believer of Sif Muna.
             Killed from afar by a deep elf mage (43 damage)
             ... with a bolt of lightning
             ... in a bailey.
             The game lasted 00:33:10 (13800 turns).

DavidChitty2 the Arsonist (DrFE)                   Turns: 13800, Time: 00:33:10

Health: -11/86     AC: 10    Str: 11    XL:     10   Next: 41%
Magic:  2/28       EV: 12    Int: 24    God:    Sif Muna [**....]
Gold:   126        SH:  0    Dex: 11    Spells: 10/21 levels left

rFire    . . .     SeeInvis .   a - +3 spear (pierce)
rCold    . . .     Gourm    .   (no shield)
rNeg     . . .     Faith    .   (armour unavailable)
rPois    +         Spirit   .   (helmet restricted)
rElec    .         Reflect  .   u - +1 cloak
rCorr    .         Harm     .   (no gloves)
MR       .....                  G - +0 pair of boots
Stlth    ++........             (no amulet)
HPRegen  0.24/turn              w - ring of magical power
MPRegen  0.21/turn              C - +5 ring of intelligence

@: very slightly contaminated, lightly drained
A: breathe noxious fumes, unfitting armour, poison resistance, cold-blooded, AC
+7
a: Breathe Noxious Fumes, Channel Magic, Renounce Religion


You were in a bailey.
You worshipped Sif Muna.
Sif Muna was pleased with you.
You were hungry.

You visited 2 branches of the dungeon, and saw 9 of its levels.
You also visited: Bailey.

You collected 374 gold pieces.
You spent 248 gold pieces at shops.

Inventory:

Hand Weapons
 a - a +3 spear of piercing (weapon)
   (You took it off a gnoll on level 3 of the Dungeon)
 b - a +0 hunting sling
   (You took it off a goblin on level 3 of the Dungeon)
 E - the +4 long sword of Wounding {drain, *Rage +Fly rElec rN++}
   (You took it off a gnoll on level 7 of the Dungeon)

   A truly terrible weapon, it drains the life of those it strikes.
   It insulates you from electricity.
   It greatly protects you from negative energy.
   It lets you fly.
   It may make you go berserk in combat.
Missiles
 k - 172 stones
 p - 5 poisoned darts (quivered)
 t - 84 sling bullets
 y - a throwing net {!f}
Armour
 f - a +0 buckler
   (You found it on level 7 of the Dungeon)
 u - a +1 cloak (worn)
   (You found it on level 5 of the Dungeon)
 G - a +0 pair of boots (worn)
   (You found it on level 8 of the Dungeon)
Jewellery
 w - a ring of magical power (left hand)
   (You bought it in a shop on level 4 of the Dungeon)
 C - a +5 ring of intelligence (right hand)
   (You took it off a gnoll on level 6 of the Dungeon)
 D - an uncursed ring of fire
   (You took it off an orc priest on level 3 of the Dungeon)
 H - a cursed -3 ring of dexterity {unknown}
   (You found it on level 8 of the Dungeon)
Wands
 n - a wand of scattershot (4)
   (You found it on level 6 of the Dungeon)
 x - a wand of acid (11)
   (You found it on level 7 of the Dungeon)
Scrolls
 d - 3 scrolls of enchant armour
 h - a scroll of blinking
 j - 2 scrolls of immolation {!r}
 m - 2 scrolls of fog
 o - 3 scrolls of teleportation {@r4}
 v - 2 scrolls of remove curse {@r2}
 F - a scroll of acquirement {unknown}
 I - a scroll of magic mapping
Potions
 c - a potion of mutation {unknown}
 g - 3 potions of curing {@q1}
 i - 2 potions of lignification {!q}
 l - a potion of might
 q - a potion of berserk rage
 r - a potion of cancellation {unknown}
 s - a potion of degeneration {unknown}
 A - 2 potions of flight
Comestibles
 e - 13 rations {!d}
 z - 2 chunks of flesh


   Skills:
 + Level 7.0(6.4) Fighting
 - Level 1.7(1.2) Dodging
 - Level 1.7(1.2) Stealth
 + Level 6.2(5.6) Spellcasting
 + Level 6.4(5.8) Conjurations
 * Level 9.7(9.1) Fire Magic
 + Level 6.1(5.5) Invocations


You had 10 spell levels left.
You knew the following spells:

 Your Spells              Type           Power        Failure   Level  Hunger
a - Flame Tongue          Conj/Fire      #####        1%          1    None
b - Fireball              Conj/Fire      #####.....   11%         5    #####..
d - Conjure Flame         Conj/Fire      #####...     1%          3    #......
x - Throw Flame           Conj/Fire      #####.       1%          2    None

Your spell library contained the following spells:

 Spells                   Type           Power        Failure   Level  Hunger
 Inner Flame              Hex/Fire       ####....     3%          3    #......
 Sticky Flame             Conj/Fire      #####...     3%          4    ###....


Dungeon Overview and Level Annotations

Branches:
Dungeon (8/15)             Temple (1/1) D:4          Bailey (1/1)
   Lair: D:8-11

Altars:
Ashenzari
Cheibriados
Dithmenos
Elyvilon
Fedhas
Gozag
Hepliaklqana
Kikubaaqudgha
Makhleb
Nemelex Xobeh
Okawaru
Qazlal
Ru
Sif Muna
Trog
Uskayaw
Vehumet
Wu Jian
Xom
Yredelemnul
Zin
The Shining One

Shops:
D:4 *   D:5 (   D:6 *   D:7 *

Annotations:
D:2 exclusion: downstairs


Innate Abilities, Weirdness & Mutations

You can breathe blasts of noxious fumes.
Your lurid green scales are hard. (AC +7)
You cannot fit into any form of body armour.
Your system is resistant to poisons. (rPois)
You are cold-blooded and may be slowed by cold attacks.


Message History

The flame tongue hits the deep elf mage!
The deep elf mage gestures at you while chanting.
The bolt of negative energy hits you!
You feel drained.
You puncture the deep elf mage!
Your tail-slap misses the deep elf mage.
The deep elf mage closely misses you.
You hit the deep elf mage but do no damage.
The deep elf mage points at you and mumbles some strange words.
The bolt of negative energy hits you!!
You feel drained.
You hit the deep elf mage but do no damage.
The deep elf mage mumbles some strange words.
You puncture the deep elf mage!
You kill the deep elf mage!
Sif Muna accepts your kill.
The hell rat disappears in a puff of smoke!
The redback disappears in a puff of smoke!
The hell rat disappears in a puff of smoke!
Your base Fighting skill increases to level 7!
Things that are here:
a +0 short sword; a +0 ring mail; an elf corpse You butcher the elf corpse.
z - 3 chunks of flesh
Things that are here:
a +0 short sword; a +0 ring mail; an elf skeleton You start resting.
Your magical contamination has completely faded away.
Eating one of 3 chunks of flesh.
You eat one of the 3 chunks of flesh.
A deep elf mage comes into view. It is wielding a +0 short sword.
Aim: a deep elf mage, wielding a +0 short sword (hasn't noticed you)
You miscast Fireball.
You are very lightly contaminated with residual magic.
Wisps of smoke drift from your hands.
Aim: a deep elf mage, wielding a +0 short sword You miscast Fireball.
Your skin glows momentarily.
The fireball explodes!
The fireball engulfs the deep elf mage!
You hear a shout! x2
The deep elf mage points at you and mumbles some strange words.
The bolt of lightning hits you!!!
* * * LOW HITPOINT WARNING * * *
The bolt of lightning hits you!!
* * * LOW HITPOINT WARNING * * *
You feel much better.
The deep elf mage hits you but does no damage.
The fireball explodes!
The fireball engulfs the deep elf mage!
You are feeling hungry.
You hear a shout!
The deep elf mage gestures at you while chanting.
The bolt of lightning hits you!!!
Ouch! That really hurt!
You die...

# '#####
#....##
#.....#
#..∩..#
#.)...#
##...##
####'##).#
##@e.##
...#
#.....#
...#
#..∩..#
..##
##...##
### #####


You could see a deep elf mage.

Vanquished Creatures
  3 deep elf magi (Bailey)
  A centaur skeleton (D:6)
  A troll (D:8)
  Prince Ribbit (D:5)
  Sigmund (D:5)
  5 yaks
  2 hungry ghosts (D:8)
  Edmund (D:5)
  3 orc warriors
  3 ice beasts
  A necrophage (D:6)
  2 ogres
  A phantom (D:5)
  A centaur (D:8)
  A big kobold (D:7)
  Blork the orc (D:3)
  4 howler monkeys
  5 crimson imps
  A centaur zombie (D:5)
  3 jellies
  3 orc priests
  5 hounds
  2 orc wizards
  5 worker ants
  A hound zombie (D:5)
  A hound skeleton (D:5)
  A worker ant zombie (D:8)
  17 gnolls
  5 adders
  A shadow imp (D:6)
  2 oozes
  An adder zombie (D:7)
  An adder skeleton (D:8)
  3 worms
  5 dart slugs
  4 leopard geckos
  22 orcs
  5 giant cockroaches
  4 goblins
  8 hobgoblins
  13 jackals
  4 quokkas
  3 ball pythons
  9 bats
  3 frilled lizards
  9 kobolds
  A quokka skeleton (D:4)
  11 rats
190 creatures vanquished.

Notes
Turn   | Place    | Note
-------+----------+-------------------------------------------
     0 | D:1      | DavidChitty2 the Draconian Fire Elementalist began the
                  | quest for the Orb.
     0 | D:1      | Reached XP level 1. HP: 14/14 MP: 3/3
    63 | D:1      | Reached XP level 2. HP: 3/22 MP: 0/5
   326 | D:1      | Learned a level 2 spell: Throw Flame
   897 | D:1      | Reached skill level 1 in Fighting
  1024 | D:1      | Reached XP level 3. HP: 28/28 MP: 0/6
  1697 | D:2      | Learned a level 3 spell: Conjure Flame
  2831 | D:2      | Reached XP level 4. HP: 35/35 MP: 0/7
  2933 | D:2      | Reached skill level 4 in Fire Magic
  3799 | D:3      | Reached XP level 5. HP: 36/41 MP: 0/9
  5321 | D:4      | Noticed Blork the orc
  5418 | D:4      | Found a staircase to the Ecumenical Temple.
  5422 | Temple   | Entered the Ecumenical Temple
  5610 | Temple   | Became a worshipper of Sif Muna the Loreminder
  5679 | D:4      | Reached XP level 6. HP: 50/50 MP: 7/10
  5708 | D:4      | Found Jiczuukh's General Store.
  5976 | D:3      | Reached skill level 5 in Fire Magic
  6426 | D:3      | Killed Blork the orc
  6426 | D:3      | Reached skill level 1 in Invocations
  7030 | D:4      | Your scales start taking on a lurid green colour.
  7030 | D:4      | Reached XP level 7. HP: 57/57 MP: 1/12
  7030 | D:4      | Gained mutation: Your system is resistant to poisons.
                  | (rPois) [Green Draconian growth]
  7341 | D:5      | Entered Level 5 of the Dungeon
  8356 | D:5      | Found Mevasev's Weapon Emporium.
  8469 | D:5      | Reached skill level 6 in Fire Magic
  8779 | D:5      | Noticed Edmund
  8851 | D:5      | Killed Edmund
  8851 | D:5      | Reached XP level 8. HP: 66/66 MP: 1/14
  9037 | D:5      | Noticed Sigmund
  9044 | D:5      | Killed Sigmund
  9118 | D:4      | Bought an uncursed ring of magical power for 220 gold
                  | pieces
  9300 | D:5      | Noticed Prince Ribbit
  9424 | D:5      | Killed Prince Ribbit
  9715 | D:6      | Reached skill level 7 in Fire Magic
  9849 | D:6      | Found Upubb's General Store.
 10037 | D:6      | Found a sparkling altar of Nemelex Xobeh.
 10164 | D:6      | Found a burning altar of Makhleb.
 10179 | D:6      | Reached skill level 5 in Fighting
 10642 | D:6      | Reached XP level 9. HP: 70/74 MP: 16/16
 11086 | D:7      | Reached * piety under Sif Muna
 11123 | D:7      | Reached skill level 5 in Spellcasting
 11336 | D:7      | Reached skill level 5 in Conjurations
 11370 | D:7      | Reached skill level 8 in Fire Magic
 11597 | D:7      | Found Offet's General Store.
 11605 | D:7      | Bought a scroll of identify for 28 gold pieces
 11742 | D:7      | Identified the +4 long sword of Wounding {drain, *Rage +Fly
                  | rElec rN++}
 12074 | D:7      | Reached skill level 5 in Invocations
 12744 | D:7      | Reached ** piety under Sif Muna
 12929 | D:7      | Got a bloodstained falchion
 12930 | D:7      | Identified the +6 falchion "X" {flame, Dex+7} (You found it
                  | on level 7 of the Dungeon)
 12968 | D:8      | Reached skill level 9 in Fire Magic
 13014 | D:8      | Learned a level 5 spell: Fireball
 13409 | D:8      | Reached XP level 10. HP: 78/84 MP: 17/18
 13606 | D:8      | Found a flagged portal.
 13617 | Bailey   | Entered a bailey
 13655 | Bailey   | Noticed a deep elf mage
 13659 | Bailey   | Killed a deep elf mage
 13666 | Bailey   | Noticed a deep elf mage
 13670 | Bailey   | Killed a deep elf mage
 13693 | Bailey   | Noticed a deep elf mage
 13701 | Bailey   | Killed a deep elf mage
 13795 | Bailey   | Noticed a deep elf mage
 13800 | Bailey   | Killed from afar by a deep elf mage

Levels and vault maps discovered:
D:1:      sevenhm_arrival_forest_fort_small_3, layout_rooms,
          chequers_serial_rivers_small_b
D:2:      layout_basic
D:3:      layout_rooms
D:4:      layout_cave_pools, minmay_temple_entry_drinking_statues, serial_shops,
          nicolae_shop_competitors_out_of_business, uniq_blork_the_orc
D:5:      layout_basic, serial_shops, nicolae_shop_crystal, first_ration,
          small_statue_intersection, sigmund_edmund_badplayer,
          uniq_prince_ribbit1
D:6:      layout_loops_ring, nemelex_xobeh_ov_fountains_minmay, serial_shops,
          shop, makhleb_heckhound_becter
D:7:      layout_rooms, serial_shops, nicolae_shop_trees
D:8:      layout_basic, enter_bailey_6
Temple:   minmay_crystal_snake_temple
Bailey:   bailey_polearm_3, bailey

Skill      XL: |  1  2  3  4  5  6  7  8  9 10 |
---------------+-------------------------------+-----
Fighting       | 1 2 3 4 5 6 7 |  7.0
Fire Magic     | 4 5 6 7 9 |  9.7
Conjurations   | 2 3 4 5 6 |  6.4
Spellcasting   | 3 4 5 6 |  6.2
Invocations    | 1 2 4 5 6 |  6.1
Dodging        | |  1.7
Stealth        | |  1.7

Action                   |  1- 3 |  4- 6 |  7- 9 | 10-12 || total
-------------------------+-------+-------+-------+-------++-------
Melee: Unarmed           |    36 |       |       |       ||    36
       Tailslap          |    11 |     2 |     5 |     1 ||    19
       Dagger            |    21 |       |       |       ||    21
       Spear             |    16 |    47 |   102 |    24 ||   189
 Fire: Hunting sling     |       |    27 |    33 |       ||    60
Throw: Stone             |     3 |       |       |       ||     3
 Cast: Flame Tongue      |    26 |    19 |   119 |    21 ||   185
       Throw Flame       |    43 |    92 |   176 |     9 ||   320
       Conjure Flame     |     4 |     5 |    13 |     1 ||    23
       Fireball          |       |       |       |     7 ||     7
 Abil: Breathe Noxious F |       |       |     8 |       ||     8
  Use: Scroll            |       |     9 |    10 |       ||    19
       Potion            |       |       |       |     1 ||     1
  Eat: Chunk             |     6 |    15 |    18 |     4 ||    43
       Ration            |     1 |     1 |     2 |       ||     4
Armor: Skin              |    27 |    37 |    42 |     9 ||   115
Dodge: Dodged            |    58 |    86 |    88 |    11 ||   243
